 Dungeon Crawl Stone Soup version 0.17-a0-1-g1f4be75 (console) character file.

82 mauris the Skirmisher (level 4, 0/41 HPs)
             Began as a Hill Orc Abyssal Knight on Mar 11, 2015.
             Was a Believer of Lugonu.
             Slain by a gnoll
             ... wielding a +0 club
              (5 damage)
             ... on level 2 of the Dungeon.
             The game lasted 00:04:31 (2377 turns).

mauris the Skirmisher (Hill Orc Abyssal Knight)     Turns: 2377, Time: 00:04:32

Health: 0/41       AC:  5    Str: 15    XL:     4   Next: 43%
Magic:  6/6        EV: 10    Int: 12    God:    Lugonu [**....]
Gold:   6          SH:  0    Dex: 10    Spells: 0 memorised, 3 levels left

rFire  . . .     SeeInvis .     a - +1 hand axe
rCold  . . .     Clarity  .     s - +0 ring mail {5}
rNeg   . . .     SustAb   .     (no shield)
rPois  .         Gourm    .     (no helmet)
rElec  .         Spirit   .     (no cloak)
rCorr  .         Warding  .     (no gloves)
rMut   .         Stasis   .     (no boots)
MR     .....                    (no amulet)
Stlth  ..........               (no ring)
                                (no ring)

@: not resistant to hostile enchantments, extremely unstealthy
A: no striking features
a: Depart the Abyss, Bend Space, Renounce Religion


You were on level 2 of the Dungeon.
You worshipped Lugonu.
Lugonu was pleased with you.
You were not hungry.

You visited 1 branch of the dungeon, and saw 3 of its levels.
You visited the Abyss 1 time.

You collected 6 gold pieces.

Inventory:

Hand weapons
 a - a +1 hand axe (weapon)
Armour
 s - a +0 ring mail (worn) {5}
Scrolls
 e - a scroll of identify {@r1}
 g - a scroll of recharging {unknown}
 k - 2 scrolls of amnesia {unknown}
 p - a scroll of random uselessness {unknown}
 r - a scroll of fear {unknown}
Potions
 d - a potion of flight
 f - 2 potions of invisibility
 h - a potion of cancellation
 j - a potion of restore abilities
 l - a potion of heal wounds {unknown}
 q - a potion of curing {unknown}
Comestibles
 c - a meat ration
 m - 4 fruits
 o - a beef jerky


   Skills:
 + Level 4.6 Fighting
 + Level 3.5 Axes
 + Level 3.0 Armour
 - Level 1.1 Dodging
 + Level 3.2 Invocations


You had 3 spell levels left.
You didn't know any spells.

Dungeon Overview and Level Annotations

Branches:
Dungeon (3/15)

Altars:
Ashenzari
Makhleb
Zin


Message History

You hit the gnoll.
The gnoll is moderately wounded.
You hit the gnoll but do no damage. The gnoll closely misses you.
The gnoll closely misses you.
Press: ? - help, v - describe, . - travel
Here: a gnoll, wielding a spear The floor.
You hit the gnoll.
The gnoll is heavily wounded.
You barely miss the gnoll. The gnoll hits you with a spear!
The gnoll hits you with a club.
Huge Dmg: -36%(-15hp) hp: 35%(14hp)
You hit the gnoll but do no damage.
The gnoll is heavily wounded.
You hit the gnoll.
The gnoll is moderately wounded.
The gnoll hits you with a spear!
* * * LOW HITPOINT WARNING * * *
The gnoll hits you with a club.
You die...

#.#.#.#####.#..............#
##.##..#####.################
#...............#
#.......####.##.#
#..##)..####.##.#
#..##........##.##
#..##.#.#######..# .........#
##g# ##.......# #@# #.......#
#g# #....>..# #.# #.......#
#.# #..)....# ###.# #.......#
#...# ######### #.### #.# #.#


You could see 2 gnolls.

Vanquished Creatures
  A gnoll (D:2)
  An adder (D:2)
  A giant mite (D:3)
  A worm (D:3)
  A giant gecko (D:2)
  An orc (D:3)
  6 bats
  3 giant cockroaches
  7 goblins
  8 hobgoblins
  A quokka (D:2)
  A giant newt (D:2)
  13 kobolds
  4 rats
49 creatures vanquished.

Notes
Turn   | Place    | Note
--------------------------------------------------------------
     0 | Abyss:1  | mauris, the Hill Orc Abyssal Knight, began the quest for the Orb.
     0 | Abyss:1  | Reached XP level 1. HP: 19/19 MP: 1/1
    37 | D:1      | Escaped the Abyss
   104 | D:1      | Reached skill level 1 in Dodging
   104 | D:1      | Reached XP level 2. HP: 22/27 MP: 2/2
   123 | D:1      | Huge Dmg: 8 Dmg
   137 | D:1      | Huge Dmg: 4 Dmg
   489 | D:1      | Reached skill level 4 in Fighting
   491 | D:1      | Acquired Lugonu's second power
   567 | D:1      | Reached XP level 3. HP: 33/33 MP: 4/4
   940 | D:2      | Huge Dmg: 7 Dmg
   947 | D:2      | Huge Dmg: 4 Dmg
   968 | D:1      | Huge Dmg: 3 Dmg
  1481 | D:2      | Found a burning altar of Makhleb.
  1483 | D:2      | Found a glowing silver altar of Zin.
  1483 | D:2      | Noticed an angel
  1484 | D:2      | Noticed a balrug
  1557 | D:2      | Found a shattered altar of Ashenzari.
  2045 | D:3      | Reached XP level 4. HP: 37/41 MP: 6/6
  2074 | D:3      | Huge Dmg: 8 Dmg
  2077 | D:3      | Huge Dmg: 6 Dmg
  2078 | D:3      | Huge Dmg: 3 Dmg
  2091 | D:2      | Huge Dmg: 3 Dmg
  2375 | D:2      | Huge Dmg: 8 Dmg
  2377 | D:2      | Huge Dmg: 15 Dmg
  2377 | D:2      | Slain by a gnoll

Action                   |  1- 3 |  4- 6 || total
-------------------------+-------+-------++-------
Melee: Hand axe          |   149 |    25 ||   174
  Use: Scroll            |     6 |       ||     6
  Eat: Chunk             |     3 |     2 ||     5

Vault maps used:
D:1:      lemuel_arrival_lava_pool, corexii_item_surrounded_by_moat
D:2:      grunt_temple_overflow_order_and_chaos_2,
          ashenzari_conservatory_becter, serial_glass, glass_columns_b,
          glass_columns_b
D:3:      nicolae_overflow_crystal_walls, vehumet_altar_wand_db, first_bread,
          nemelex_xobeh_ov_fountains_minmay
